 Dungeon Crawl Stone Soup version 0.30.0 (webtiles) character file.

Game seed: 14728121391141448413

50 samcosmo the Grasshopper (level 3, 0/30 HPs)
             Began as a Draconian Warper on July 5, 2023.
             Slain by a quokka (1 damage)
             ... on level 2 of the Dungeon.
             The game lasted 00:02:40 (1180 turns).

samcosmo the Grasshopper (Draconian Warper)         Turns: 1180, Time: 00:02:42

Health: 0/30       AC:  5    Str: 15    XL:     3   Next: 55%
Magic:  6/6        EV: 12    Int: 13    God:
Gold:   30         SH:  0    Dex: 10    Spells: 4/6 levels left

rFire   . . .        a - +0 mace
rCold   + . .        (no shield)
rNeg    . . .        (body armour unavailable)
rPois   .            (helmet restricted)
rElec   .            (no cloak)
rCorr   .            (no gloves)
SInv    .            (no boots)
Will    .....        (no amulet)
Stlth   +            d - ring of protection from cold
HPRegen 0.25/turn    (no ring)
MPRegen 0.10/turn

%: no passive effects
@: no status effects
A: AC +5, unfitting armour, cold-blooded
a: no special abilities


You were on level 2 of the Dungeon.
You visited 1 branch of the dungeon, and saw 2 of its levels.

You collected 30 gold pieces.

Inventory:

Hand Weapons
 a - a +0 mace (weapon)
Missiles
 c - 7 boomerangs of dispersal (quivered)
Jewellery
 d - a ring of protection from cold (left hand)
Scrolls
 e - a scroll of noise {unknown}
 f - 2 scrolls of immolation {unknown}
 j - a scroll of torment {unknown}
 l - a scroll of vulnerability {unknown}
Potions
 g - a potion of curing {unknown}
 h - a potion of degeneration {unknown}
 i - a potion of attraction {unknown}
 k - a potion of brilliance {unknown}


   Skills:
 + Level 2.8 Fighting
 + Level 2.6 Maces & Flails
 - Level 0.8 Throwing
 - Level 2.1 Dodging
 + Level 2.4 Spellcasting
 + Level 3.4 Translocations


You had 4 spell levels left.
You knew the following spells:

 Your Spells              Type           Power      Damage    Failure   Level
a - Blink                 Tloc           20%        N/A       9%          2

Your spell library contained the following spells:

 Spells                   Type           Power      Damage    Failure   Level
 Lesser Beckoning         Tloc           20%        N/A       9%          2
 Teleport Other           Tloc           10%        N/A       17%         3
 Vhi's Electric Charge    Tloc/Air       12%        N/A       34%         3
 Manifold Assault         Tloc           10%        N/A       50%         4


Dungeon Overview and Level Annotations

Branches:
Dungeon (2/15)

Altars:


Innate Abilities, Weirdness & Mutations

Your plain brown scales are hard. (AC +5)
You cannot fit into any form of body armour.
You are cold-blooded and may be slowed by cold attacks.


Message History

Robin is moderately wounded.
The quokka closely misses you. The hobgoblin hits you.
Robin closely misses you. The hobgoblin hits you.
The quokka bites you but does no damage.
Robin barely misses you.
You sock Robin!
Robin is severely wounded.
The quokka closely misses you.
The hobgoblin hits you but does no damage.
Robin hits you with a +0 club.
You are too injured to fight recklessly!
You are too injured to fight recklessly!
You are too injured to fight recklessly!
You hit Robin. You punch Robin.
You kill Robin!
The quokka misses you. The hobgoblin hits you. The quokka bites you.
* * * LOW HITPOINT WARNING * * *
You closely miss the hobgoblin.
Your tail-slap misses the hobgoblin.
The hobgoblin closely misses you. The quokka closely misses you.
You hit the hobgoblin.
Your tail-slap misses the hobgoblin.
The hobgoblin is severely wounded.
The quokka bites you but does no damage.
The hobgoblin closely misses you. The quokka bites you.
* * * LOW HITPOINT WARNING * * *
The hobgoblin hits you.
* * * LOW HITPOINT WARNING * * *
You closely miss the hobgoblin.
The hobgoblin is severely wounded.
The quokka bites you.
* * * LOW HITPOINT WARNING * * *
The hobgoblin hits you.
* * * LOW HITPOINT WARNING * * *
Unknown command.
You closely miss the hobgoblin.
The hobgoblin is severely wounded.
The hobgoblin no longer looks unusually strong.
The quokka completely misses you.
The hobgoblin hits you but does no damage.
The quokka bites you.
You die...

......#..#########
.......g..... ...#
............. #..#
#....####..#.##..#
####.# #..#..#..#
.# #..##.#..# .#
#..##.#(.#
#......r.#
##.....)@#
##.....)g##
#.........#
#.........#
#.........#
##.......##
#########>....##
#.......##...##
###.#####.###.##


You could see a quokka and a hobgoblin.

Vanquished Creatures
  Robin (D:2)
  A dart slug (D:1)
  6 bats (D:1)
  An endoplasm (D:1)
  A giant cockroach (D:1)
  10 goblins
  4 hobgoblins
  2 kobolds
  3 ball pythons
  A frilled lizard (D:2)
  3 rats (D:1)
33 creatures vanquished.

Notes
Turn   | Place    | Note
-------+----------+-------------------------------------------
     0 | D:1      | samcosmo the Draconian Warper began the quest for the Orb.
     0 | D:1      | Reached XP level 1. HP: 17/17 MP: 3/3
   227 | D:1      | Reached XP level 2. HP: 23/25 MP: 5/5
   243 | D:1      | Learned a level 2 spell: Blink
  1027 | D:2      | Noticed Robin
  1042 | D:2      | Reached XP level 3. HP: 17/30 MP: 6/6
  1176 | D:2      | Killed Robin
  1179 | D:2      | HP: 1/30 [hobgoblin[Robin] (3)]
  1180 | D:2      | Slain by a quokka

Illustrated notes

Levels and vault maps discovered:
D:1:      elethiomel_arrival_quiet, layout_basic
D:2:      kennysheep_the_goblin_king, layout_loops_cross,
          shapermc_ecumenical_altar_mp_urbaneastern, solitary_fountain,
          uniq_robin, uniq_terence

Action                     || total
---------------------------++-------
  Melee: Mace              ||    99
         Tailslap          ||    11
         Punch             ||     1
    Use: Scroll            ||     1
 Armour: Skin              ||    56
  Dodge: Dodged            ||    93
